 Dungeon Crawl Stone Soup version 0.28-a0-1234-g826d19b2e0 (webtiles) character file.

Game seed: 9336289250163811288

8622 r3xj the Bludgeoner (level 11, -17/99 HPs)
             Began as a Minotaur Fighter on Dec 23, 2021.
             Was an Elder of Okawaru.
             Demolished by a death knight (35 damage)
             ... on level 11 of the Dungeon.
             The game lasted 00:29:06 (15368 turns).

r3xj the Bludgeoner (Minotaur Fighter)             Turns: 15368, Time: 00:29:07

Health: -17/99     AC: 12    Str: 28    XL:     11   Next: 12%
Magic:  10/10      EV: 11    Int:  5    God:    Okawaru [****..]
Gold:   596        SH:  4    Dex: 10    Spells: 10/10 levels left

rFire   . . .      SeeInvis .   y - +1 morningstar
rCold   . . .      Faith    .   c - +0 buckler
rNeg    + + .      Spirit   .   q - +0 scale mail of the Sacrificial Victim {Will+ Str+3}
rPois   .          Reflect  .   (helmet restricted)
rElec   .          Harm     .   (no cloak)
rCorr   .          Rampage  .   (no gloves)
Will    +....                   o - +2 pair of boots
Stlth   ..........              H - amulet of magic regeneration
HPRegen 0.26/turn               b - ring of positive energy
MPRegen 0.52/turn               M - ring of positive energy

@: no status effects
A: horns 2, retaliatory headbutt
a: Renounce Religion, Heroism, Finesse


You were on level 11 of the Dungeon.
You worshipped Okawaru.
Okawaru was greatly pleased with you.
You visited 2 branches of the dungeon, and saw 12 of its levels.

You collected 596 gold pieces.

Inventory:

Hand Weapons
 a - a +0 flail
 p - the +9 short sword "Pabug" {pain, rC+ rN++ Str+3}
   (You took it off an orc on level 3 of the Dungeon)

   In the hands of one skilled in necromantic magic, it inflicts extra damage on
   living creatures.
   Str:       It affects your strength (+3).
   rC:        It protects you from cold.
   rN:        It greatly protects you from negative energy.
 y - a +1 morningstar (weapon)
 J - a +4 flail
Missiles
 I - 33 poisoned darts (quivered)
 K - a throwing net
Armour
 c - a +0 buckler (worn)
 o - a +2 pair of boots (worn)
 q - the +0 scale mail of the Sacrificial Victim (worn) {Will+ Str+3}
   (You took it off an orc on level 3 of the Dungeon)

   Str:       It affects your strength (+3).
   Will:      It increases your willpower.
 z - a +0 plate armour
Jewellery
 b - a ring of positive energy (left hand)
 t - a ring of poison resistance
 H - an amulet of magic regeneration (around neck)
 M - a ring of positive energy (right hand)
Wands
 h - a wand of digging (3)
 n - a wand of flame (3)
 s - a wand of iceblast (8)
 x - a wand of acid (10)
 L - a wand of polymorph (10)
 N - a wand of paralysis (6)
Scrolls
 e - 2 scrolls of identify
 f - 3 scrolls of immolation
 i - a scroll of blinking
 j - 4 scrolls of teleportation
 l - a scroll of magic mapping
 v - 5 scrolls of noise
 A - a scroll of amnesia
Potions
 d - 2 potions of might
 g - 2 potions of heal wounds
 k - a potion of flight
 m - 3 potions of curing
 r - a potion of haste
 C - 2 potions of ambrosia
 D - 2 potions of brilliance
 F - a potion of mutation {unknown}


   Skills:
 - Level 10.0 Fighting
 * Level 15.6 Maces & Flails
 - Level 10.0 Armour
 + Level 2.1 Dodging
 - Level 4.0 Shields


You had 10 spell levels left.
You didn't know any spells.
Your spell library contained the following spells:

 Spells                   Type           Power      Damage    Failure   Level
 Magic Dart               Conj           0%         1d3       71%         1
 Shock                    Conj/Air       0%         1d3       71%         1
 Ozocubu's Armour         Ice            0%         N/A       97%         3
 Dispel Undead            Necr           0%         3d6       100%        4
 Agony                    Necr           0%         N/A       100%        5
 Ozocubu's Refrigeration  Ice            0%         4d5       100%        7
 Death Channel            Necr           Unusable   N/A       N/A         6

Dungeon Overview and Level Annotations

Branches:
Dungeon (11/15)            Temple (1/1) D:6            Lair (0/6) D:11
    Orc (0/2) D:10

Altars:
Ashenzari
Cheibriados
Dithmenos
Elyvilon
Fedhas
Gozag
Hepliaklqana
Kikubaaqudgha
Makhleb
Nemelex Xobeh
Okawaru
Qazlal
Ru
Sif Muna
Trog
Uskayaw
Vehumet
Wu Jian
Xom
Yredelemnul
Zin
The Shining One
Beogh

Shops:
D:3 [[

Annotations:
D:9 exclusion: 2 oklob saplings


Innate Abilities, Weirdness & Mutations

You have a pair of horns on your head.
You reflexively headbutt those who attack you in melee.


Message History

The basilisk bites you but does no damage.
The death knight hits you with a +2 glaive of protection.
You barely miss the death knight. You headbutt the death knight!
The death knight is severely wounded.
You closely miss the death knight.
The death knight is severely wounded.
The basilisk gazes at you. You resist with almost no effort.
The death knight hits you with a +2 glaive of protection!!
You are too injured to fight recklessly!
You are too injured to fight recklessly!
You are too injured to fight recklessly!
You completely miss the death knight. Your headbutt misses the death knight.
The death knight is severely wounded.
The basilisk completely misses you.
The death knight hits you with a +2 glaive of protection!
You puncture the death knight!
The death knight is almost dead.
The basilisk bites you but does no damage.
The death knight hits you with a +2 glaive of protection!
* * * LOW HITPOINT WARNING * * *
You hit the death knight.
The death knight is almost dead.
You hit the death knight.
The death knight is almost dead.
The basilisk gazes at you. You resist with almost no effort.
The death knight calls down the wrath of Yredelemnul upon you.
You resist with some effort.
You hit the death knight. You headbutt the death knight.
The death knight is almost dead.
You block the basilisk's attack. You block the death knight's attack.
You hit the death knight but do no damage.
The death knight is almost dead.
You feel like a meek peon again.
You hit the death knight but do no damage.
The death knight is almost dead.
The basilisk misses you. You furiously retaliate!
You headbutt the basilisk.
The death knight hits you with a +2 glaive of protection!!
You die...

.PP........#
...P..♣..P.#
..>PP$.....#
♣.P..♣.....#
....P...♣..#
.........#.#
♣..........#
..P...P.pl.#
P......##@.#
.P....# #.<#
......
#........#
.....
#.........
.....
#........#
....
#......".#
....
#........#
#........#
#........#


You could see a death knight and a basilisk.

Vanquished Creatures
  A two-headed ogre (D:6)
  2 freezing wraiths
  A troll (D:10)
  2 hornets (D:9)
  Sigmund (D:6)
  A wraith (D:10)
  3 wyverns (D:10)
  A basilisk (D:11)
  2 vampire mosquitoes (D:10)
  4 yaks
  A steam dragon (D:6)
  Edmund (D:4)
  An acid dragon (D:8)
  5 water moccasins
  A hornet zombie (D:9)
  6 orc warriors
  An ice beast (D:5)
  A black bear (D:3)
  2 necrophages
  2 ogres
  4 centaurs
  The ghost of awesomeguy42 the Grave Robber, an amateur HuNe (D:3)
  3 kobold brigands
  A bullfrog (D:8)
  3 gnoll sergeants
  2 scorpions (D:10)
  A water moccasin skeleton (D:2)
  15 killer bees
  5 wights (D:7)
  A lava snake (D:7)
  7 orc priests
  5 hounds
  A jelly (D:7)
  4 gnoll shamans
  Ijyb (D:4)
  8 orc wizards
  37 gnolls
  13 adders
  An ufetubus (D:5)
  2 worms
  3 dart slugs
  36 orcs
  10 ball pythons
  4 endoplasms
  2 giant cockroaches
  10 goblins
  4 hobgoblins
  6 jackals
  3 quokkas (D:1)
  6 bats
  2 frilled lizards (D:1)
  19 kobolds
  6 rats
265 creatures vanquished.

Vanquished Creatures (others)
  A fungus (D:11)
  16 plants
17 creatures vanquished.

Grand Total: 282 creatures vanquished

Notes
Turn   | Place    | Note
-------+----------+-------------------------------------------
     0 | D:1      | r3xj the Minotaur Fighter began the quest for the Orb.
     0 | D:1      | Reached XP level 1. HP: 19/19 MP: 0/0
   261 | D:1      | Reached XP level 2. HP: 22/27 MP: 1/1
   594 | D:1      | Found a faded altar of an unknown god.
   602 | D:1      | Got Plato's Volume of Confrontation
   868 | D:2      | Got Sif Muna's Collected Works on Necromancy and Air
   925 | D:2      | Reached skill level 3 in Maces & Flails
   954 | D:2      | Reached XP level 3. HP: 20/34 MP: 2/2
   954 | D:2      | Reached XP level 4. HP: 24/41 MP: 3/3
  1212 | D:2      | Reached skill level 4 in Maces & Flails
  1795 | D:3      | Found Udwidafe's Armour Shop.
  1873 | D:3      | Noticed a black bear
  1879 | D:3      | Killed a black bear
  1880 | D:3      | Reached skill level 5 in Fighting
  1880 | D:3      | Reached skill level 5 in Maces & Flails
  1880 | D:3      | Reached skill level 5 in Armour
  1880 | D:3      | Reached XP level 5. HP: 44/48 MP: 4/4
  1976 | D:3      | Found a runed translucent gate.
  1976 | D:3      | Noticed awesomeguy42's ghost (amateur HuNe)
  1977 | D:3      | Identified the +9 short sword "Pabug" {pain, rC+ rN++
                  | Str+3}
  1977 | D:3      | Identified the +0 scale mail of the Sacrificial Victim
                  | {Will+ Str+3}
  1978 | D:3      | Found a runed translucent gate.
  1983 | D:3      | Found a runed translucent gate.
  2086 | D:3      | Found Hisk's Armour Shop.
  2301 | D:3      | Killed awesomeguy42's ghost
  2302 | D:3      | Reached XP level 6. HP: 44/56 MP: 5/5
  2928 | D:4      | Reached skill level 6 in Maces & Flails
  3167 | D:4      | Reached XP level 7. HP: 36/62 MP: 6/6
  3351 | D:4      | Noticed Ijyb
  3360 | D:4      | Killed Ijyb
  3521 | D:4      | Noticed Edmund
  3536 | D:4      | Killed Edmund
  3537 | D:4      | Reached skill level 7 in Maces & Flails
  3906 | D:4      | You fall into a shaft and drop 1 floor!
  3906 | D:5      | Entered Level 5 of the Dungeon
  4766 | D:5      | Reached skill level 8 in Maces & Flails
  4810 | D:5      | Reached XP level 8. HP: 71/71 MP: 7/7
  5314 | D:6      | Found a staircase to the Ecumenical Temple.
  5341 | Temple   | Entered the Ecumenical Temple
  5573 | Temple   | Became a worshipper of Warmaster Okawaru
  5732 | D:6      | Found an opulent altar of Gozag.
  5868 | D:6      | Noticed a two-headed ogre
  6056 | D:6      | Reached skill level 9 in Maces & Flails
  6761 | D:7      | Reached * piety under Okawaru
  6764 | D:7      | Reached skill level 10 in Maces & Flails
  7047 | D:7      | Reached XP level 9. HP: 81/81 MP: 8/8
  8683 | D:8      | Reached skill level 11 in Maces & Flails
  9423 | D:6      | Noticed Sigmund
  9430 | D:6      | Killed Sigmund
  9825 | D:6      | Killed a two-headed ogre
  9825 | D:6      | Reached ** piety under Okawaru
 10008 | D:6      | Found an opulent altar of Gozag.
 10469 | D:9      | Reached skill level 12 in Maces & Flails
 10752 | D:9      | Reached XP level 10. HP: 56/91 MP: 9/9
 10957 | D:9      | Paralysed by a hornet for 3 turns
 12429 | D:10     | Entered Level 10 of the Dungeon
 12552 | D:10     | Reached skill level 13 in Maces & Flails
 12557 | D:10     | Reached skill level 10 in Fighting
 12557 | D:10     | Reached skill level 10 in Armour
 12559 | D:10     | Reached *** piety under Okawaru
 12843 | D:10     | Found a staircase to the Orcish Mines.
 13370 | D:10     | Reached skill level 14 in Maces & Flails
 14234 | D:10     | Reached **** piety under Okawaru
 14245 | D:10     | Reached skill level 15 in Maces & Flails
 14716 | D:11     | Found a staircase to the Lair.
 14725 | D:11     | Reached skill level 1 in Dodging
 14725 | D:11     | Reached XP level 11. HP: 99/99 MP: 10/10
 14726 | D:11     | Noticed a death knight
 15368 | D:11     | Demolished by a death knight

Illustrated notes

Levels and vault maps discovered:
D:1:      co_arrival_square_in_a_square_in_a_square, layout_loops_ring,
          shapermc_ecumenical_altar_rom_forum, serial_rivers,
          chequers_serial_rivers_small_a, chequers_serial_rivers_micro_e,
          chequers_serial_rivers_room_a, chequers_serial_rivers_large_b,
          chequers_serial_rivers_room_b, chequers_serial_rivers_micro_c
D:2:      layout_basic
D:3:      layout_basic, serial_shops, shop, nicolae_shop_hallway_plus,
          biasface_ghost_orc_armoury, ebering_dispersal_statue_hall,
          minmay_crystal_room
D:4:      layout_basic, cheibrodos_gnoll_hut, uniq_ijyb, uniq_edmund
D:5:      layout_basic, chequers_garden
D:6:      layout_loops_ring, mainiacjoe_overflow_small_starburst,
          minmay_temple_entry_slanted, uniq_sigmund
D:7:      layout_basic, minmay_misc_feat_rows, nicolae_lava_and_water
D:8:      layout_basic
D:9:      layout_gridville, introduction_to_nature_2
D:10:     layout_stronghold, david_orc_4
D:11:     layout_long_grid, minmay_lair_entry_grove
Temple:   kilobyte_greek_temple

Skill      XL: |  1  2  3  4  5  6  7  8  9 10 11 |
---------------+----------------------------------+-----
Fighting       | 4 5 6 7 9 10 | 10.0
Armour         | 4 5 6 7 9 10 | 10.0
Shields        | 4 |  4.0
Maces & Flails | 3 5 6 8 10 12 15 | 15.6
Dodging        | 1 2 |  2.1

Action                   |  1- 3 |  4- 6 |  7- 9 | 10-12 || total
-------------------------+-------+-------+-------+-------++-------
Melee: Flail             |    62 |   129 |    77 |       ||   268
       Headbutt          |     6 |    16 |    63 |    38 ||   123
       Morningstar       |       |       |   271 |   221 ||   492
Invok: Heroism           |       |       |       |     2 ||     2
  Use: Scroll            |       |       |    19 |       ||    19
Armor: Scale mail        |    32 |    61 |   136 |    97 ||   326
Dodge: Dodged            |    33 |    72 |   215 |   129 ||   449
Block: Buckler           |    11 |    30 |    74 |    58 ||   173

Table legend: (Time is in decaauts)
 A = Elapsed time spent in this place.
 B = Non-inter-level travel time spent in this place.
 C = Inter-level travel time spent in this place.
 D = Time resting spent in this place.
 E = Time spent auto-exploring this place.
 F = Levels seen in this place.
 G = Mean time per level.
                   A        B        C        D        E       F      G
               +--------+--------+--------+--------+--------+-----+--------+
         Total |  15434 |  14656 |    778 |   3326 |   9411 |  12 | 1286.2 |
       Dungeon |  15171 |  14454 |    717 |   3326 |   9216 |  11 | 1379.2 |
        Temple |    262 |    201 |     61 |      0 |    195 |   1 |  262.0 |
               +--------+--------+--------+--------+--------+-----+--------+

Top non-repeatable levels by time:
    D:10: 2753 daAuts
     D:9: 2099 daAuts
     D:6: 1751 daAuts
     D:7: 1650 daAuts
     D:3: 1584 daAuts
     D:8: 1275 daAuts
     D:4: 1269 daAuts
     D:5: 1201 daAuts
     D:1: 884 daAuts
     D:2: 651 daAuts
  Temple: 262 daAuts
    D:11: 49 daAuts
